 Dungeon Crawl Stone Soup version 0.27-a0-1119-gbf574a6a6b (webtiles) character file.

Game seed: 1712029088179565296

91 kodamatunes15 the Slasher (level 4, -2/37 HPs)
             Began as a Ghoul Gladiator on May 2, 2021.
             Slain by a gnoll
             ... wielding a +0 spear
              (4 damage)
             ... on level 2 of the Dungeon.
             The game lasted 00:09:15 (1293 turns).

kodamatunes15 the Slasher (Ghoul Gladiator)         Turns: 1293, Time: 00:09:15

Health: -2/37      AC: 10    Str: 17    XL:     4   Next: 59%
Magic:  3/3        EV:  7    Int:  3    God:
Gold:   25         SH:  0    Dex: 11    Spells: 3/3 levels left

rFire    . . .     SeeInvis .   k - +0 dagger (elec)
rCold    + . .     Faith    .   (no shield)
rNeg     + + +     Spirit   .   f - +0 chain mail
rPois    ∞         Reflect  .   c - +1 helmet
rElec    .         Harm     .   (no cloak)
rCorr    .         Rampage  .   (no gloves)
Will     .....                  (no boots)
Stlth    ..........             (no amulet)
HPRegen  0.00/turn              (no ring)
MPRegen  0.08/turn              (no ring)

@: no status effects
A: claws 1, cold resistance 1, negative energy resistance 3, inhibited
regeneration, torment resistance 2, unbreathing 1
a: no special abilities


You were on level 2 of the Dungeon.
You visited 1 branch of the dungeon, and saw 2 of its levels.

You collected 25 gold pieces.

Inventory:

Hand Weapons
 a - a +1 long sword
 b - a +0 hunting sling
 k - a +0 dagger of electrocution (weapon)
Missiles
 d - 3 throwing nets (quivered)
 g - 28 arrows
 j - 15 poisoned darts
Armour
 c - a +1 helmet (worn)
 f - a +0 chain mail (worn)
Potions
 e - 3 potions of brilliance
 h - a potion of resistance {unknown}
 i - 2 potions of mutation {unknown}
 l - a potion of heal wounds {unknown}


   Skills:
 + Level 2.4 Fighting
 + Level 0.1(2.4) Short Blades
 + Level 4.1 Long Blades
 + Level 1.8 Throwing
 + Level 0.8 Armour
 + Level 3.1 Dodging


You had 3 spell levels left.
You didn't know any spells.
Your spell library was empty.

Dungeon Overview and Level Annotations

Branches:
Dungeon (2/15)

Altars:


Innate Abilities, Weirdness & Mutations

You thrive by killing the living.
You are immune to poison.
You have sharp fingernails.
Your flesh is cold resistant. (rC+)
You are immune to negative energy. (rN+++)
You do not regenerate when monsters are visible.
You are immune to unholy pain and torment.
You can survive without breathing.


Message History

The gnoll sergeant hits you with a +0 spear.
The gnoll hits you but does no damage.
You hit the gnoll sergeant.
The gnoll sergeant is moderately wounded.
The gnoll closely misses you. The gnoll hits you but does no damage.
The gnoll sergeant hits you with a +0 spear!
* * * LOW HITPOINT WARNING * * *
The gnoll hits you from afar with a +0 spear.
* * * LOW HITPOINT WARNING * * *
The gnoll sergeant hits you from afar with a +0 spear.
* * * LOW HITPOINT WARNING * * *
There is an open door here.
A jackal comes into view.
The jackal barks!
The gnoll completely misses you. The gnoll hits you but does no damage.
You hit the gnoll.
The gnoll is lightly wounded.
The gnoll hits you but does no damage.
You hit the gnoll.
The gnoll is moderately wounded.
The gnoll hits you but does no damage.
You hit the gnoll but do no damage.
The gnoll is moderately wounded.
The gnoll hits you but does no damage.
You barely miss the gnoll.
The gnoll is moderately wounded.
The gnoll hits you but does no damage.
You barely miss the gnoll.
The gnoll is moderately wounded.
The gnoll hits you but does no damage.
You hit the gnoll but do no damage.
The gnoll is moderately wounded.
The gnoll closely misses you.
You hit the gnoll.
The gnoll is heavily wounded.
Your chain mail prevents you from hitting the gnoll.
The gnoll is heavily wounded.
The gnoll hits you with a +0 spear.
You die...

######### #.......#
## #.#####.#
.######.### #.#
..........###.#####
.####†#.#....(..@.#
## #....#####.###g#
#.....# #.# #h#
##....#####.# #g#
##.#...>...# #g#
#.######### #.# #.#
#.# ##'# #####.####
###...# #h....g..#


You could see a gnoll sergeant, 2 gnolls and a jackal.

Vanquished Creatures
  Jessica (D:2)
  A gnoll (D:2)
  An adder (D:2)
  3 dart slugs (D:1)
  6 ball pythons
  2 bats
  2 endoplasms (D:2)
  3 giant cockroaches (D:2)
  A goblin (D:2)
  4 hobgoblins
  7 jackals
  2 frilled lizards (D:1)
  4 kobolds
37 creatures vanquished.

Notes
Turn   | Place    | Note
-------+----------+-------------------------------------------
     0 | D:1      | kodamatunes15 the Ghoul Gladiator began the quest for the
                  | Orb.
     0 | D:1      | Reached XP level 1. HP: 17/17 MP: 0/0
   129 | D:1      | Reached XP level 2. HP: 20/24 MP: 1/1
   208 | D:1      | Reached skill level 3 in Long Blades
   568 | D:2      | Reached XP level 3. HP: 23/30 MP: 2/2
   982 | D:2      | Noticed Jessica
   984 | D:2      | Killed Jessica
   985 | D:2      | Reached skill level 4 in Long Blades
   985 | D:2      | Reached XP level 4. HP: 37/37 MP: 3/3
  1255 | D:2      | Noticed a gnoll sergeant
  1266 | D:2      | HP: 1/37 [gnoll sergeant/+0 spear (6)]
  1293 | D:2      | Slain by a gnoll

Illustrated notes

Levels and vault maps discovered:
D:1:      dpeg_arrival_connections, layout_rooms
D:2:      layout_loops_corners, hangedman_abyss_or_decor_stabs,
          minmay_worlds_worst_comb, uniq_jessica

Skill      XL: |  1  2  3 |
---------------+----------+-----
Dodging        | 3 |  3.1
Long Blades    | 3 4 |  4.1
Fighting       | |  2.4
Short Blades   | |  0.1
Throwing       | |  1.8
Armour         | |  0.8

Action                   |  1- 3 |  4- 6 || total
-------------------------+-------+-------++-------
Melee: Long sword        |    87 |       ||    87
       Dagger            |       |    63 ||    63
  Use: Scroll            |     3 |     1 ||     4
Armor: Leather armour    |     4 |       ||     4
       Chain mail        |    54 |    66 ||   120
Dodge: Dodged            |    45 |    30 ||    75
       Rpst.: Long sword |    14 |       ||    14

Table legend: (Time is in decaauts)
 A = Elapsed time spent in this place.
 B = Non-inter-level travel time spent in this place.
 C = Inter-level travel time spent in this place.
 D = Time resting spent in this place.
 E = Time spent auto-exploring this place.
 F = Levels seen in this place.
 G = Mean time per level.
                   A        B        C        D        E       F      G
               +--------+--------+--------+--------+--------+-----+--------+
         Total |   1307 |    343 |    964 |      0 |      0 |   2 |  653.5 |
       Dungeon |   1307 |    343 |    964 |      0 |      0 |   2 |  653.5 |
               +--------+--------+--------+--------+--------+-----+--------+

Top non-repeatable levels by time:
     D:2: 794 daAuts
     D:1: 512 daAuts
